cohdb
Replays
Latest Replays
All Replays
Popular Replays
Top Player Replays
Match Explorer
How It Works
Community
CoH3 Stats
Reddit
Sign in to upload your games and track your stats! →
Sign in with Steam
Match 45233453
Unlisted
Match 45233453
Overview
Messages
Build Orders
End
Panzergrenadier Squad
250 Light Carrier
Panzergrenadier Squad
Construct Light Support Kompanie
Combat Half-tracks
2.5-tonne Medical Truck
Selects Armored Support Battlegroup
Fire Support Elements
Selects Superior Fire Drills
Selects Salvage Kits
Flakvierling Half-track
Pak 38 Mechanized Group
Vehicle Survival Package
Forward Retreat Point
Construct Panzerarmee Kommand
Emergency Repair Kits
Armored Reserves
Panzer IV Assault Group
Rapid Advance
Panzer III L Medium Tank
Advanced Field Repairs
Selects Panzer Storm
Panzer III L Medium Tank
Selects Stuka Anti-tank Loiter
Construct Mechanized Kompanie
Marder III Tank Destroyer
Marder III Tank Destroyer
Stuka Anti-tank Loiter
Stuka Anti-tank Loiter
Panzer IV Assault Group
Selects Flammpanzer III Medium Tank
Selects Battlefield Salvage
Marder III Tank Destroyer
Marder III Tank Destroyer
Marder III Tank Destroyer
Stuka Anti-tank Loiter
Panzer IV Assault Group
我小叮当今晚要搞事!
Mr.Faraam
welnez
Beary bear
Tea Cup
고구마줄거리
旧时光
-97
0
0
Comments
sign in to comment!
No comments posted yet!